AoeStats
← Theminer

Lombardia

510124188Analyzed
2v2 RM · 3d ago on Sep 29, 2026· 84m 54s· 4 players
Game mode
Random Map
Map size
Medium (4 player)
Population
200
Speed
Normal
Resources
Standard
Victory
Conquest
Starting age
Dark Age
Ending age
Imperial Age
RankedLock teamsTeams togetherTeam positionsShared explorationLock speedFull tech treeHidden civsTurbo modeCheats
Victory
Defeat
🇧🇪 Khmer · Belgium
1103
+13
1082
+15
🇦🇷 Huns · Argentina
1042
-14
🇦🇷 Burgundians · Argentina
1038
-14
Limón
6:45 Loom
9:42 Feudal Age
10:50 Man-at-Arms
13:28 Arson
14:16 Scale Mail Armor
20:09 Bloodlines
22:27 Castle Age
21:37 Stone Mining
21:37 Double-Bit Axe
23:14 Husbandry
24:48 Scale Barding Armor
30:44 Horse Collar
33:03 Wheelbarrow
35:05 Fletching
37:04 Marauders
37:02 Gold Mining
37:50 Bodkin Arrow
40:35 Imperial Age
41:52 Conscription
44:20 Chemistry
43:41 Ballistics
43:17 Murder Holes
43:39 Squires
48:20 Sanctity
47:29 Capped Ram
48:27 Siege Ram
48:49 Elite Skirmisher
52:28 Chain Barding Armor
55:10 Plate Barding Armor
54:47 Forging
54:52 Chain Mail Armor
55:41 Hand Cart
56:23 Bow Saw
56:26 Caravan
62:28 Iron Casting
61:54 Bracer
61:54 Padded Archer Armor
61:35 Pikeman
62:31 Crossbowman
62:35 Heavy Cavalry Archer
63:41 Parthian Tactics
63:23 Thumb Ring
67:31 Halberdier
Theminer
8:22 Loom
10:42 Feudal Age
10:45 Double-Bit Axe
12:11 Wheelbarrow
13:12 Bow Saw
17:49 Castle Age
19:05 Husbandry
19:33 Gold Mining
19:12 Cavalier
21:14 Gold Shaft Mining
20:43 Town Watch
20:43 Horse Collar
26:01 Heavy Plow
26:59 Hand Cart
32:35 Imperial Age
31:21 Ballistics
31:16 Town Patrol
34:36 Crop Rotation
37:18 Chemistry
35:59 Treadmill Crane
38:02 Two-Man Saw
37:24 Stone Mining
38:52 Conscription
44:37 Burgundian Vineyards
45:02 Elite Coustillier
45:14 Sappers
47:57 Hoardings
47:40 Forging
47:30 Scale Mail Armor
47:35 Scale Barding Armor
48:39 Scale Barding Armor
49:09 Iron Casting
48:56 Scale Mail Armor
50:31 Chain Barding Armor
52:23 Blast Furnace
51:38 Chain Mail Armor
53:09 Capped Ram
53:15 Light Cavalry
54:29 Chain Mail Armor
55:49 Plate Mail Armor
55:54 Plate Barding Armor
54:43 Pikeman
56:03 Squires
55:49 Arson
56:36 Caravan
player0
4:13 Loom
11:36 Feudal Age
14:55 Castle Age
13:23 Double-Bit Axe
14:54 Horse Collar
27:37 Wheelbarrow
31:08 Imperial Age
30:30 Gold Mining
30:57 Heavy Plow
31:10 Bow Saw
33:09 Scale Barding Armor
32:55 Fletching
33:35 Conscription
34:11 Chain Barding Armor
33:48 Stone Mining
34:26 Elite Ballista Elephant
36:07 Hand Cart
36:46 Siege Engineers
37:42 Chemistry
38:13 Plate Barding Armor
37:41 Bodkin Arrow
39:13 Husbandry
39:24 Bloodlines
40:28 Double Crossbow
50:22 Ballistics
72:03 Town Watch
72:27 Bracer
lenkamie plays on touchpad
13:50 Feudal Age
16:01 Loom
19:56 Castle Age
18:32 Double-Bit Axe
24:49 Bow Saw
27:59 Wheelbarrow
35:12 Imperial Age
34:16 Town Watch
36:11 Town Patrol
37:44 Forging
37:40 Scale Barding Armor
37:30 Light Cavalry
38:21 Bloodlines
39:12 Pikeman
42:10 Iron Casting
41:56 Chain Barding Armor
46:42 Blast Furnace
64:18 Elite Organ Gun
65:48 Plate Barding Armor
75:05 Padded Archer Armor
74:55 Fletching
77:04 Elite Skirmisher
77:11 Cavalier
Connection lost

Rejoining the realm…

Still unreachable

The connection could not be restored.

Session expired

The server has moved on; the page needs a fresh start.